 Dungeon Crawl Stone Soup version 0.22.1-1-ga44c0e56f4 (webtiles) character file.

90 JedernureinKreuz the Firebug (level 4, -15/34 HPs)
             Began as a Demigod Fire Elementalist on Sept 19, 2018.
             Demolished by an ogre
             ... wielding a +0 giant spiked club
              (24 damage)
             ... on level 4 of the Dungeon.
             The game lasted 00:11:37 (3019 turns).

JedernureinKreuz the Firebug (DgFE)                 Turns: 3019, Time: 00:11:38

Health: -15/34     AC:  4    Str: 11    XL:     4   Next: 11%
Magic:  5/10       EV: 12    Int: 21    God:
Gold:   98         SH:  0    Dex: 16    Spells: 6/7 levels left

rFire    . . .     SeeInvis .   j - -3 mace (curse)
rCold    . . .     Gourm    .   (no shield)
rNeg     . . .     Faith    .   b - +1 leather armour
rPois    .         Spirit   .   (no helmet)
rElec    .         Reflect  .   (no cloak)
rCorr    .         Harm     .   (no gloves)
MR       .....                  (no boots)
Stlth    ++........             (no amulet)
HPRegen  0.11/turn              (no ring)
MPRegen  0.12/turn              (no ring)

@: very slightly contaminated
A: high mp 1
a: no special abilities


You were on level 4 of the Dungeon.
You were not hungry.

You visited 1 branch of the dungeon, and saw 4 of its levels.

You collected 98 gold pieces.

Inventory:

Hand Weapons
 d - a +0 whip
 i - a +1 dagger
 j - a cursed -3 mace (weapon)
 k - a +0 dagger
Missiles
 f - 16 arrows
 l - 4 throwing nets
 o - 23 sling bullets
 q - 7 tomahawks (quivered)
Armour
 a - a +0 robe
 b - a +1 leather armour (worn)
 r - a +0 crystal plate armour
Scrolls
 m - a scroll of fog
 n - 2 scrolls of identify
 s - a scroll of teleportation
 t - a scroll of amnesia
Potions
 e - a potion of might
 g - a potion of ambrosia {unknown}
 h - 3 potions of curing {unknown}
 p - a potion of haste {unknown}
 u - a potion of resistance {unknown}
Comestibles
 c - 5 rations


   Skills:
 - Level 0.5 Fighting
 - Level 0.8 Maces & Flails
 + Level 1.0 Armour
 + Level 2.0 Dodging
 + Level 2.2 Stealth
 + Level 2.2 Spellcasting
 + Level 1.4 Conjurations
 + Level 3.3 Fire Magic


You had 6 spell levels left.
You knew the following spells:

 Your Spells              Type           Power        Failure   Level  Hunger
a - Flame Tongue          Conj/Fire      ##...        7%          1    #......

Your spell library contained the following spells:

 Spells                   Type           Power        Failure   Level  Hunger
 Throw Flame              Conj/Fire      ##....       11%         2    ##.....
 Conjure Flame            Conj/Fire      ##......     22%         3    ###....
 Inner Flame              Hex/Fire       #.......     28%         3    ###....
 Sticky Flame             Conj/Fire      ##......     56%         4    #####..
 Fireball                 Conj/Fire      ##........   89%         5    ######.


Dungeon Overview and Level Annotations

Branches:
Dungeon (4/15)
 Temple: D:4-7

Shops:
D:4 *


Innate Abilities, Weirdness & Mutations

You have an increased reservoir of magic. (+10% MP)


Message History

Aim: an ogre, wielding a giant spiked club (lightly wounded)
You miscast Flame Tongue.
Nothing appears to happen.
Casting: Flame Tongue (safe; 7% risk of failure)
Confirm with . or Enter, or press ? or * to list all spells.
Aiming: Flame Tongue (safe; 7% risk of failure)
Press: ? - help, Shift-Dir - straight line, f/p - ogre
Aim: an ogre, wielding a giant spiked club (lightly wounded)
The flame tongue misses the ogre.
The ogre hits you with a giant spiked club.
* * * LOW HITPOINT WARNING * * *
Casting: Flame Tongue (safe; 7% risk of failure)
Confirm with . or Enter, or press ? or * to list all spells.
Aiming: Flame Tongue (safe; 7% risk of failure)
Press: ? - help, Shift-Dir - straight line, f/p - ogre
Aim: an ogre, wielding a giant spiked club (lightly wounded)
The flame tongue hits the ogre.
The ogre is heavily wounded.
The ogre hits you with a giant spiked club!!
Ouch! That really hurt!
You die...

...... #.#+# #..#'##
#.... #...<.#
#.....#.....###### .#
#....(#..........$#. #
#.....#.....# . .#
#.........#####.#.# .
#....O.#......#..# .#
#....@.#......'.# .#.
#...?..#......#..#.#.#
#......#.####.# .#.#.
###'#..#.# #.# .#.#.#
.....#.# #.#.#.#.#.
#...###.####.#..#.#.#
#... #......#.#.#.#.
#... #......#..#.#.#
#......#.#.#.#.


You could see an ogre.

Vanquished Creatures
  3 gnolls (D:3)
  A worm (D:2)
  3 leopard geckos
  An orc (D:3)
  7 bats
  5 giant cockroaches
  7 hobgoblins
  3 frilled lizards (D:1)
  5 goblins
  8 kobolds
  11 rats
54 creatures vanquished.

Notes
Turn   | Place    | Note
-------+----------+-------------------------------------------
     0 | D:1      | JedernureinKreuz the Demigod Fire Elementalist began the
                  | quest for the Orb.
     0 | D:1      | Reached XP level 1. HP: 14/14 MP: 5/5
   166 | D:1      | Reached skill level 3 in Fire Magic
   410 | D:1      | Reached XP level 2. HP: 19/20 MP: 7/7
   924 | D:2      | Reached skill level 1 in Conjurations
  1344 | D:2      | Reached XP level 3. HP: 15/27 MP: 6/8
  1842 | D:3      | Found a faded altar of an unknown god.
  2142 | D:3      | Found a blossoming altar of Fedhas.
  2201 | D:3      | Reached skill level 1 in Armour
  2207 | D:3      | Reached XP level 4. HP: 3/34 MP: 0/9
  2482 | D:3      | Found an ancient bone altar of Kikubaaqudgha.
  2483 | D:3      | Found a deep blue altar of Sif Muna.
  2972 | D:4      | Found Zin's Purification Station.
  2975 | D:4      | Found a glowing silver altar of Zin.
  3013 | D:4      | Noticed an ogre
  3019 | D:4      | Demolished by an ogre

Skill      XL: |  1  2  3 |
---------------+----------+-----
Fire Magic     | 3 |  3.3
Conjurations   | 1 |  1.4
Spellcasting   | 2 |  2.2
Stealth        | 2 |  2.2
Armour         | 1 |  1.0
Dodging        | 2 |  2.0
Fighting       | |  0.5
Maces & Flails | |  0.8

Action                   |  1- 3 |  4- 6 || total
-------------------------+-------+-------++-------
Melee: Mace              |   105 |    13 ||   118
       Whip              |    11 |       ||    11
Throw: Tomahawk          |     8 |     1 ||     9
 Cast: Flame Tongue      |    51 |     7 ||    58
  Use: Scroll            |     7 |     1 ||     8
 Stab: Sleeping          |       |     1 ||     1
  Eat: Chunk             |     5 |     2 ||     7
Armor: Leather armour    |    33 |     4 ||    37
Dodge: Dodged            |   108 |     9 ||   117
